 Dungeon Crawl Stone Soup version 0.24.0-1-gfbc8707 (webtiles) character file.

Game seed: 3956090352601440705, levelgen mode: deterministic

373 Buxparty the Covered (level 6, -4/56 HPs)
             Began as a Minotaur Fighter on Jan 2, 2020.
             Slain by a water moccasin (6 damage)
             ... on level 6 of the Dungeon.
             The game lasted 00:07:31 (2569 turns).

Buxparty the Covered (Minotaur Fighter)             Turns: 2569, Time: 00:07:36

Health: -4/56      AC: 14    Str: 21    XL:     6   Next: 43%
Magic:  5/5        EV:  8    Int:  5    God:
Gold:   105        SH:  9    Dex: 11    Spells: 5/5 levels left

rFire    . . .     SeeInvis .   t - +2 mace (protect)
rCold    . . .     Gourm    .   c - +0 shield
rNeg     . . .     Faith    .   b - +0 scale mail
rPois    .         Spirit   .   (helmet restricted)
rElec    .         Reflect  .   (no cloak)
rCorr    .         Harm     .   (no gloves)
MR       .....     Clarity  +   (no boots)
Stlth    ..........             (no amulet)
HPRegen  0.18/turn              (no ring)
MPRegen  0.09/turn              (no ring)

@: lethally poisoned (-4 -> -30), protection aura
A: retaliatory headbutt, horns 2, talons 1, clarity, sturdy frame 1
a: no special abilities


You were on level 6 of the Dungeon.
You were not hungry.

You visited 1 branch of the dungeon, and saw 6 of its levels.

You collected 105 gold pieces.

Inventory:

Hand Weapons
 a - a +0 war axe
 l - a +2 dagger of venom
 t - a +2 mace of protection (weapon)
 u - a +2 hunting sling of flaming
Missiles
 h - 36 arrows
 x - 15 stones (quivered)
Armour
 b - a +0 scale mail (worn)
 c - a +0 shield (worn)
Jewellery
 o - a +2 ring of intelligence {unknown}
Scrolls
 e - 3 scrolls of blinking {unknown}
 g - 2 scrolls of fog {unknown}
 i - 3 scrolls of remove curse {unknown}
 j - 4 scrolls of teleportation {unknown}
 k - 6 scrolls of identify {unknown}
 p - a scroll of fear {unknown}
 q - a scroll of noise {unknown}
 r - a scroll of enchant weapon {unknown}
 s - a scroll of enchant armour {unknown}
 v - a scroll of magic mapping {unknown}
Potions
 d - 2 potions of might
 m - a potion of agility
Comestibles
 f - 4 rations


   Skills:
 + Level 5.3 Fighting
 - Level 4.0(4.8) Axes
 * Level 4.0(4.9) Maces & Flails
 + Level 5.4 Armour
 - Level 3.8 Shields


You had 5 spell levels left.
You didn't know any spells.
Your spell library was empty.

Dungeon Overview and Level Annotations

Branches:
Dungeon (7/15)
 Temple: D:4-7

Altars:
Okawaru
Uskayaw


Innate Abilities, Weirdness & Mutations

You reflexively headbutt those who attack you in melee.
You have a pair of horns on your head.
You have sharp toenails.
You possess an exceptional clarity of mind.
Your movements are slightly less encumbered by armour. (ER -2)


Message History

The water moccasin poisons you!
It was a potion of agility.
You feel agile all of a sudden.
* * * LOW HITPOINT WARNING * * *
You feel very sick. You block the water moccasin's attack.
It was a potion of cancellation.
Your magical effects are unravelling.
You feel magically purged.
You feel a little less agile now.
* * * LOW HITPOINT WARNING * * *
You feel very sick.
The water moccasin bites you but does no damage.
It was a potion of mutation.
You feel extremely strange.
You feel less encumbered by your armour.
Your thoughts seem clearer.
Your toenails lengthen and sharpen.
* * * LOW HITPOINT WARNING * * *
You feel sick. You block the water moccasin's attack.
The water moccasin bites you.
You die...

###
#############.#
#.........).†)#
#.###########.#
#.# #.#########
#@#.......#
#S#.......#
######.#.......#
...........>....#
#######.###%#####
#.# #.# #.# #.#
... ..# ... ..#


You could see a water moccasin.

Vanquished Creatures
  An ogre (D:4)
  A hound (D:4)
  An orc priest (D:3)
  Terence (D:2)
  An orc wizard (D:6)
  A worker ant (D:6)
  9 adders
  2 oozes
  2 worms (D:2)
  A leopard gecko (D:3)
  10 orcs
  2 ball pythons (D:3)
  8 bats
  2 giant cockroaches
  7 goblins
  2 hobgoblins
  4 frilled lizards
  7 kobolds
  6 rats
68 creatures vanquished.

Notes
Turn   | Place    | Note
-------+----------+-------------------------------------------
     0 | D:1      | Buxparty the Minotaur Fighter began the quest for the Orb.
     0 | D:1      | Reached XP level 1. HP: 19/19 MP: 0/0
   506 | D:1      | Reached XP level 2. HP: 27/27 MP: 1/1
   935 | D:2      | Reached XP level 3. HP: 22/33 MP: 2/2
  1199 | D:2      | Noticed Terence
  1200 | D:2      | Found an iron altar of Okawaru.
  1206 | D:2      | Killed Terence
  1206 | D:2      | Reached XP level 4. HP: 33/41 MP: 3/3
  1571 | D:3      | Reached skill level 1 in Maces & Flails
  1594 | D:3      | Found a hide-covered altar of Uskayaw.
  1612 | D:3      | Reached XP level 5. HP: 39/47 MP: 4/4
  2027 | D:3      | Reached skill level 5 in Armour
  2440 | D:4      | Noticed an ogre
  2443 | D:4      | Killed an ogre
  2443 | D:4      | Reached skill level 5 in Fighting
  2443 | D:4      | Reached XP level 6. HP: 56/56 MP: 5/5
  2448 | D:4      | You fall into a shaft and drop 3 floors!
  2549 | D:6      | Noticed a water moccasin
  2569 | D:6      | Gained mutation: Your movements are slightly less
                  | encumbered by armour. (ER -2) [potion of mutation]
  2569 | D:6      | Gained mutation: You possess an exceptional clarity of
                  | mind. [potion of mutation]
  2569 | D:6      | Gained mutation: You have sharp toenails. [potion of
                  | mutation]
  2569 | D:6      | HP: 2/56 [poisoned by a water moccasin]
  2569 | D:6      | Slain by a water moccasin

Levels and vault maps discovered:
D:1:      nzn_arrival_depleted_hourglass, layout_loops_corners,
          chequers_serial_rivers_marsh, hangedman_abyss_or_decor_stabs,
          serial_park_tiny_1, minivault_27
D:2:      layout_basic, minmay_misc_feat_doors, okawaru_trees_1, uniq_terence
D:3:      layout_basic, lemuel_crystal_altar
D:4:      layout_basic, minmay_temple_entry_poolview, first_ration,
          uniq_natasha, uniq_duvessa
D:6:      layout_basic
D:7:      layout_basic, nicolae_ru_path_of_blood

Skill      XL: |  1  2  3  4  5  6 |
---------------+-------------------+-----
Armour         | 4 5 |  5.4
Fighting       | 4 5 |  5.3
Axes           | 3 4 |  4.0
Maces & Flails | 1 3 4 |  4.0
Shields        | |  3.8

Action                   |  1- 3 |  4- 6 || total
-------------------------+-------+-------++-------
Melee: War axe           |    59 |     9 ||    68
       Headbutt          |     5 |    16 ||    21
       Mace              |       |    74 ||    74
  Use: Potion            |       |     3 ||     3
  Eat: Ration            |       |     2 ||     2
       Chunk             |       |     1 ||     1
Armor: Scale mail        |    28 |    42 ||    70
Dodge: Dodged            |    36 |    40 ||    76
Block: Shield            |    31 |    54 ||    85
